 Dungeon Crawl Stone Soup version 0.32-a0-422-g28b100f618 (webtiles) character file.

Game seed: 6489974033064956172

32 shadowstone the Apothecary (level 3, -3/24 HPs)
             Began as a Coglin Alchemist on Feb 21, 2024.
             Slain by a gnoll
             ... wielding a +0 halberd
              (10 damage)
             ... on level 2 of the Dungeon.
             The game lasted 00:04:56 (1668 turns).

shadowstone the Apothecary (Coglin Alchemist)       Turns: 1668, Time: 00:04:56

Health: -3/24      AC:  7    Str: 14    XL:     3   Next: 25%
Magic:  4/5        EV: 11    Int: 16    God:
Gold:   92         SH:  0    Dex: 14    Spells: 2/5 levels left

rFire   . . .        k - +1 short sword (speed) {Masataka}
rCold   . . .        (no shield)
rNeg    . . .        g - +2 ring mail {rPois}
rPois   +            (no helmet)
rElec   .            (no cloak)
rCorr   .            (no gloves)
SInv    .            (no boots)
Will    .....        (no amulet)
Stlth   +            e - +6 ring of strength
HPRegen 0.24/turn    (no ring)
MPRegen 0.09/turn

%: no passive effects
@: immotile, revved
A: off-hand wielding, slow wielding, warmup strikes, legs shutdown
a: no special abilities


You were on level 2 of the Dungeon.
You visited 1 branch of the dungeon, and saw 2 of its levels.

You collected 92 gold pieces.

Inventory:

Hand Weapons
 k - a +1 short sword of speed (weapon) {Masataka}
Missiles
 h - 7 poisoned darts
Armour
 a - a +0 robe
 g - a +2 ring mail of poison resistance (worn)
Jewellery
 e - a +6 ring of strength (left grasper)
Scrolls
 d - a scroll of fear {unknown}
 f - a scroll of immolation {unknown}
 i - 2 scrolls of noise {unknown}
 l - a scroll of identify {unknown}
Potions
 b - a potion of magic
 c - a potion of mutation {unknown}
 j - a potion of heal wounds {unknown}


   Skills:
 + Level 0.2 Armour
 + Level 2.2 Dodging
 + Level 1.5 Stealth
 + Level 1.2 Unarmed Combat
 + Level 1.8 Spellcasting
 + Level 0.8 Conjurations
 + Level 3.8 Alchemy


You had 2 spell levels left.
You knew the following spells:

 Your Spells              Type           Power      Damage    Failure   Level
a - Sting                 Conj/Alch      36%        1d5       17%         1
b - Mercury Vapours       Alch/Air       14%        N/A       30%         2

Your spell library contained the following spells:

 Spells                   Type           Power      Damage    Failure   Level
 Cigotuvi's Dreadful Rot  Necr/Alch/Air  10%        N/A       36%         2
 Mephitic Cloud           Conj/Alch/Air  6%         N/A       56%         3
 Olgreb's Toxic Radiance  Alch           13%        N/A       65%         4
 Sticky Flame             Fire/Alch      7%         2d4       89%         4
 Dispel Undead            Necr           1%         3d6       99%         4
 Martyr's Knell           Necr/Summ      1%         N/A       99%         4
 Death Channel            Necr           0%         N/A       100%        6


Dungeon Overview and Level Annotations

Branches:
Dungeon (2/15)

Altars:


Innate Abilities, Weirdness & Mutations

You can wield a second weapon in your off-hand.
It takes a long time for you to wield or remove held weapons.
Your first few attacks do less damage.
Attacking and casting redirects power from your legs.


Message History

You swing at nothing.
You are no longer unable to travel.
You hit the kobold.
The kobold is heavily wounded.
You closely miss the kobold.
The kobold is heavily wounded.
The kobold hits you but does no damage.
You hit the kobold.
You kill the kobold!
The gnoll closely misses you.
You cannot move.
You swing at nothing.
You swing at nothing.
You are no longer unable to travel.
The gnoll hits you but does no damage.
You swing at nothing.
The gnoll hits you from afar with a +0 halberd!
You swing at nothing.
You swing at nothing.
The gnoll closely misses you. The gnoll barely misses you.
Things that are here:
a +0 short sword; 3 stones; a kobold corpse You hit the gnoll.
The gnoll is moderately wounded.
The gnoll barely misses you.
You closely miss the gnoll.
The gnoll is moderately wounded.
You hit the gnoll.
The gnoll is moderately wounded.
The gnoll hits you with a +0 halberd!
* * * LOW HITPOINT WARNING * * *
You barely miss the gnoll.
The gnoll is moderately wounded.
The gnoll closely misses you.
You closely miss the gnoll.
The gnoll is moderately wounded.
You hit the gnoll but do no damage.
The gnoll is moderately wounded.
The gnoll hits you with a +0 halberd!
You die...

..# ### #.# ..# #.# #
#.# ##.#####.# #.#
##..##....#
#.#####.#....####
#.#####.#.......##.[..#
#.........####.####...#
##..###@### #..# #...#.
#g# ##.# #..... #.# .#
##.#.# #.# #.# ##.#.#
..# #.# #....# #.#
#.###..### ##. #.#....#
# #.#.##.## #.#.#...##


You could see a gnoll.

Vanquished Creatures
  A dart slug (D:1)
  A ball python (D:2)
  2 endoplasms (D:1)
  5 hobgoblins (D:1)
  3 kobolds
  A quokka (D:1)
  A bat (D:1)
  2 rats (D:1)
16 creatures vanquished.

Notes
Turn   | Place    | Note
-------+----------+-------------------------------------------
     0 | D:1      | shadowstone the Coglin Alchemist began the quest for the
                  | Orb.
     0 | D:1      | Reached XP level 1. HP: 13/13 MP: 3/3
   521 | D:1      | Reached XP level 2. HP: 10/19 MP: 2/4
   951 | D:1      | Reached skill level 1 in Unarmed Combat
   951 | D:1      | Reached XP level 3. HP: 17/24 MP: 2/5
  1417 | D:1      | Learned a level 2 spell: Mercury Vapours
  1668 | D:2      | Slain by a gnoll

Illustrated notes

Levels and vault maps discovered:
D:1:      dpeg_arrival_ternary, layout_rooms
D:2:      layout_loops_ring, minmay_cut_off

Skill      XL: |  1  2 |
---------------+-------+-----
Dodging        | 2 |  2.2
Unarmed Combat | 1 |  1.2
Armour         | |  0.2
Stealth        | |  1.5
Spellcasting   | |  1.8
Conjurations   | |  0.8
Alchemy        | |  3.8

Action                     || total
---------------------------++-------
  Melee: Unarmed           ||    77
         Punch             ||     1
         Short sword       ||    12
   Cast: Sting             ||    14
         Mercury Vapours   ||     1
 Armour: Ring mail         ||    72
         Robe              ||     2
  Dodge: Dodged            ||    75

Table legend: (Time is in decaauts)
 A = Elapsed time spent in this place.
 B = Non-inter-level travel time spent in this place.
 C = Inter-level travel time spent in this place.
 D = Time resting spent in this place.
 E = Time spent auto-exploring this place.
 F = Levels seen in this place.
 G = Mean time per level.
                   A        B        C        D        E       F      G
               +--------+--------+--------+--------+--------+-----+--------+
         Total |   1660 |   1626 |     34 |    877 |    263 |   2 |  830.0 |
       Dungeon |   1660 |   1626 |     34 |    877 |    263 |   2 |  830.0 |
               +--------+--------+--------+--------+--------+-----+--------+

Top non-repeatable levels by time:
     D:1: 1585 daAuts
     D:2: 75 daAuts
